 Dungeon Crawl Stone Soup version 0.23-b1-3-gdda8187c6f (webtiles) character file.

Game seed: 10053603844163404891

10058 Majang the Cleaver (level 11, 0/87 HPs)
             Began as a Formicid Fighter on Feb 1, 2019.
             Was an Elder of Makhleb.
             Slain by a basilisk (7 damage)
             ... on level 1 of the Lair of Beasts.
             The game lasted 00:38:05 (8513 turns).

Majang the Cleaver (Formicid Fighter)               Turns: 8513, Time: 00:38:05

Health: 0/87       AC: 16    Str: 25    XL:     11   Next: 85%
Magic:  16/16      EV:  7    Int:  7    God:    Makhleb [****..]
Gold:   287        SH:  0    Dex: 10    Spells: 10/10 levels left

rFire    . . .     SeeInvis +   a - +2 war axe (elec)
rCold    . . .     Gourm    .   j - +2 shield
rNeg     . . .     Faith    .   r - +5 ring mail of the Gastropod {rElec Slay+3}
rPois    +         Spirit   .   (helmet unavailable)
rElec    +         Reflect  .   F - +0 cloak
rCorr    .         Harm     .   G - +0 pair of gloves
MR       +....                  t - +1 pair of boots
Stlth    ..........             (no amulet)
HPRegen  0.24/turn              s - ring of poison resistance
MPRegen  0.15/turn              g - ring of flight

@: petrifying (expiring), very slow
A: permanent stasis, dig shafts and tunnels, four strong arms, antennae 3
a: Dig, Shaft Self, Minor Destruction, Lesser Servant of Makhleb, Major
Destruction, Renounce Religion, Evoke Flight


You were on level 1 of the Lair of Beasts.
You worshipped Makhleb.
Makhleb was greatly pleased with you.
You were very hungry.

You visited 3 branches of the dungeon, and saw 13 of its levels.

You collected 436 gold pieces.
You spent 149 gold pieces at shops.

Inventory:

Hand Weapons
 a - a +2 war axe of electrocution (weapon)
 b - a +0 hand crossbow
 z - a +1 war axe
 I - a +0 battleaxe of freezing
 N - a +0 hand axe of flaming
Missiles
 o - 82 bolts
Armour
 i - +0 fire dragon scales
 j - a +2 shield (worn)
 r - the +5 ring mail of the Gastropod (worn) {rElec Slay+3}
   (You took it off an orc on level 4 of the Dungeon)

   It affects your accuracy and damage with ranged weapons and melee attacks
   (+3).
   It insulates you from electricity.
 t - a +1 pair of boots (worn)
 u - a +4 ring mail of positive energy
 F - a +0 cloak (worn)
 G - a +0 pair of gloves (worn)
Jewellery
 g - a ring of flight (right hand)
 s - a ring of poison resistance (left hand)
Wands
 p - a wand of clouds (6)
 x - a wand of iceblast (18)
Scrolls
 c - 7 scrolls of remove curse
 h - 5 scrolls of identify
 n - a scroll of fog
 q - 2 scrolls of magic mapping
 v - a scroll of immolation
 B - 2 scrolls of amnesia
 E - 2 scrolls of enchant armour
Potions
 d - a potion of resistance
 e - 9 potions of curing
 k - a potion of ambrosia
 l - 3 potions of heal wounds
 m - a potion of flight
 J - a potion of might
Comestibles
 f - 27 rations
 w - 4 chunks of flesh


   Skills:
 + Level 8.4 Fighting
 * Level 10.2 Axes
 + Level 4.7 Crossbows
 + Level 7.5 Armour
 + Level 5.4 Dodging
 + Level 8.2 Shields
 + Level 6.9 Invocations


You had 10 spell levels left.
You didn't know any spells.
Your spell library contained the following spells:

 Spells                   Type           Power        Failure   Level  Hunger
 Flame Tongue             Conj/Fire      #....        63%         1    ##.....
 Magic Dart               Conj           #...         63%         1    ##.....
 Searing Ray              Conj           #.....       77%         2    ###....
 Throw Flame              Conj/Fire      #.....       77%         2    ###....
 Conjure Flame            Conj/Fire      #.......     94%         3    ####...
 Dazzling Spray           Conj/Hex       #.....       94%         3    ####...
 Inner Flame              Hex/Fire       #.......     94%         3    ####...
 Force Lance              Conj/Tloc      #.......     100%        4    #####..
 Fulminant Prism          Conj/Hex       #.........   100%        4    #####..
 Iskenderun's Mystic Bla  Conj           #.......     100%        4    #####..
 Sticky Flame             Conj/Fire      #.......     100%        4    #####..
 Fireball                 Conj/Fire      #.........   100%        5    ######.


Dungeon Overview and Level Annotations

Branches:
Dungeon (10/15)            Temple (1/1) D:4            Lair (2/6) D:10
  Swamp: Lair:2-4    Shoals: Lair:2-4     Snake: Lair:2-4    Spider: Lair:2-4
    Orc: D:9-12

Altars:
Ashenzari
Cheibriados
Dithmenos
Elyvilon
Fedhas
Gozag
Hepliaklqana
Kikubaaqudgha
Makhleb
Nemelex Xobeh
Okawaru
Qazlal
Ru
Sif Muna
Trog
Uskayaw
Vehumet
Wu Jian
Xom
Yredelemnul
Zin
The Shining One

Shops:
D:6 (

Annotations:
D:10 2 transporters


Innate Abilities, Weirdness & Mutations

You cannot be hasted, slowed, berserked, paralysed or teleported.
You can dig through walls and to a lower floor.
Your four strong arms can wield two-handed weapons with a shield.
You have a pair of large antennae on your head. (SInv)


Message History

The eight-headed hydra bites you.
The eight-headed hydra bites you but does no damage. x2
The eight-headed hydra bites you!
* * * LOW HITPOINT WARNING * * *
The basilisk gazes at you.
You easily resist.
Your limbs are stiffening.
You begin to dig a shaft.
You continue digging a shaft.
The eight-headed hydra bites you but does no damage. x2
The eight-headed hydra bites you!
* * * LOW HITPOINT WARNING * * *
The eight-headed hydra bites you but does no damage. x2
The eight-headed hydra bites you!
* * * LOW HITPOINT WARNING * * *
The eight-headed hydra bites you.
* * * LOW HITPOINT WARNING * * *
The eight-headed hydra bites you!
* * * LOW HITPOINT WARNING * * *
The basilisk gazes at you.
Your limbs have turned to stone.
The basilisk bites you!
You die...

.. .. ..8 .. ...#. ... ..#
#..#.##...##...
........#.... . ..........
#.+ #.F{rH. #..####D#l##
##......#@..##
#............#
+......†8.>.8#
P............#
.#.....##.8.##...... ..#..
#..... .#..#.............
#......##..##.P#.###.#P..
#.##.## #................
..####+####................


You could see an eight-headed hydra, a hippogriff, a basilisk, a bullfrog and a
porcupine.

Vanquished Creatures
  3 two-headed ogres
  The ghost of Zaque the Demonic Catastrophe, a novice DsMo of Qazlal (D:8)
  Pikel (D:5)
  Maurice (D:8)
  A gargoyle (D:10)
  A troll (D:10)
  A hornet (D:8)
  A blink frog (Lair:1)
  2 hippogriffs (D:9)
  Sigmund (D:3)
  A hungry ghost (D:10)
  Grum (D:8)
  2 wargs (D:10)
  2 water moccasins (Lair:1)
  2 black bears
  An orc warrior (D:10)
  An ice beast (D:9)
  A sky beast (D:10)
  4 ogres
  2 phantoms
  3 wolves (D:8)
  5 centaurs
  A crocodile (Lair:1)
  A big kobold (D:9)
  9 bullfrogs
  4 scorpions
  5 howler monkeys
  4 crimson imps
  A centaur zombie (D:5)
  4 orc priests (D:10)
  3 jellies
  A hound (D:10)
  5 orc wizards
  2 bullfrog skeletons
  3 centaur skeletons
  Terence (D:3)
  2 iguanas
  Natasha (thrice) (D:3)
  2 hell rats (Lair:1)
  6 worker ants
  2 killer bee zombies (D:8)
  A hound zombie (D:9)
  2 hound skeletons (D:8)
  7 gnolls (D:6)
  12 adders
  7 river rats (Lair:1)
  4 oozes
  An adder zombie (D:8)
  An adder skeleton (D:4)
  7 worms
  3 dart slugs (D:2)
  7 leopard geckos
  23 orcs
  6 giant cockroaches
  4 goblins
  11 hobgoblins
  14 jackals
  9 quokkas
  A ball python (D:3)
  13 bats
  4 frilled lizards
  16 kobolds
  A leopard gecko skeleton (D:4)
  A leopard gecko zombie (D:6)
  A quokka skeleton (D:10)
  14 rats
  A plant (Lair:1)
268 creatures vanquished.

Notes
Turn   | Place    | Note
-------+----------+-------------------------------------------
     0 | D:1      | Majang the Formicid Fighter began the quest for the Orb.
     0 | D:1      | Reached XP level 1. HP: 18/18 MP: 1/1
    66 | D:1      | Reached XP level 2. HP: 24/24 MP: 2/2
   477 | D:1      | Reached XP level 3. HP: 30/30 MP: 3/3
   484 | D:1      | Reached skill level 3 in Axes
   894 | D:2      | Reached XP level 4. HP: 25/37 MP: 4/4
  1338 | D:3      | Reached skill level 4 in Axes
  1404 | D:3      | Noticed Sigmund
  1413 | D:3      | Killed Sigmund
  1413 | D:3      | Reached skill level 5 in Axes
  1413 | D:3      | Reached XP level 5. HP: 36/43 MP: 5/5
  1413 | D:3      | Reached XP level 6. HP: 42/50 MP: 6/6
  1437 | D:3      | Reached skill level 5 in Fighting
  1826 | D:3      | Noticed Natasha
  1840 | D:3      | Killed Natasha
  1840 | D:3      | Reached XP level 7. HP: 27/56 MP: 7/7
  2211 | D:3      | Noticed Terence
  2230 | D:3      | Killed Terence
  2490 | D:3      | Noticed Natasha
  2503 | D:3      | Killed Natasha
  2574 | D:3      | Noticed Natasha
  2580 | D:3      | Killed Natasha
  2580 | D:3      | Reached skill level 1 in Dodging
  2758 | D:4      | Found a staircase to the Ecumenical Temple.
  2766 | Temple   | Entered the Ecumenical Temple
  2845 | Temple   | Became a worshipper of Makhleb the Destroyer
  2969 | D:4      | Identified the +5 ring mail of the Gastropod {rElec Slay+3}
  3254 | D:4      | Reached skill level 6 in Axes
  3541 | D:5      | Entered Level 5 of the Dungeon
  3722 | D:5      | Reached skill level 1 in Invocations
  3785 | D:5      | Reached XP level 8. HP: 62/63 MP: 8/8
  3914 | D:5      | Noticed Pikel
  3921 | D:5      | Killed Pikel
  3921 | D:5      | Reached skill level 5 in Shields
  4020 | D:5      | Reached * piety under Makhleb
  4360 | D:5      | Reached skill level 7 in Axes
  4526 | D:6      | Reached XP level 9. HP: 65/69 MP: 11/11
  4619 | D:6      | Reached skill level 5 in Armour
  5215 | D:6      | Found Voraggeups's Weapon Emporium.
  5220 | D:6      | Bought a +0 battleaxe for 97 gold pieces
  5220 | D:6      | Bought a +0 hand crossbow for 52 gold pieces
  5309 | D:6      | Found a glowing golden altar of the Shining One.
  5309 | D:6      | Found an iron altar of Okawaru.
  5309 | D:6      | Found a basalt altar of Yredelemnul.
  5785 | D:8      | Noticed Maurice
  5800 | D:8      | Killed Maurice
  5800 | D:8      | Reached skill level 1 in Crossbows
  5885 | D:8      | Found a runed translucent gate.
  5888 | D:8      | Reached ** piety under Makhleb
  5889 | D:8      | Found a runed translucent gate.
  5889 | D:8      | Noticed Zaque's ghost (novice DsMo)
  5890 | D:8      | Found a runed translucent gate.
  6187 | D:8      | Noticed a hornet
  6194 | D:8      | Killed a hornet
  6194 | D:8      | Reached skill level 8 in Axes
  6212 | D:8      | Noticed Grum
  6219 | D:8      | Reached XP level 10. HP: 72/77 MP: 13/13
  6227 | D:8      | Killed Grum
  6345 | D:8      | Noticed a moth of wrath
  6348 | D:8      | Found a bloodstained altar of Trog.
  6559 | D:9      | Noticed a two-headed ogre
  6569 | D:9      | Killed a two-headed ogre
  6569 | D:9      | Reached skill level 5 in Invocations
  6723 | D:9      | Reached *** piety under Makhleb
  6756 | D:9      | Noticed a two-headed ogre
  6774 | D:9      | Killed a two-headed ogre
  6774 | D:9      | Reached skill level 9 in Axes
  6965 | D:9      | Reached XP level 11. HP: 84/85 MP: 15/15
  7192 | D:10     | Entered Level 10 of the Dungeon
  7216 | D:10     | Found a transporter.
  7227 | D:10     | Noticed an orc knight
  7231 | D:10     | Noticed a cyclops
  7231 | D:10     | Noticed a fire giant
  7231 | D:10     | Noticed a manticore
  7247 | D:10     | Found a transporter.
  7413 | D:10     | Found a staircase to the Lair.
  7598 | D:10     | Reached skill level 5 in Dodging
  7837 | D:10     | Noticed a two-headed ogre
  7844 | D:10     | Killed a two-headed ogre
  7859 | D:10     | Reached **** piety under Makhleb
  7859 | D:10     | Reached skill level 10 in Axes
  8259 | D:8      | Killed Zaque's ghost
  8348 | Lair:1   | Entered Level 1 of the Lair of Beasts
  8460 | Lair:1   | You fall through a shaft!
  8460 | Lair:2   | Noticed a death yak
  8460 | Lair:2   | Noticed a death yak
  8460 | Lair:2   | Noticed a death yak
  8460 | Lair:2   | Noticed a death yak
  8504 | Lair:1   | Noticed a seven-headed hydra
  8513 | Lair:1   | Slain by a basilisk

Skill      XL: |  1  2  3  4  5  6  7  8  9 10 11 |
---------------+----------------------------------+-----
Axes           | 3 5 6 7 8 9 10 | 10.2
Fighting       | 4 5 6 7 8 |  8.4
Dodging        | 1 2 3 4 5 |  5.4
Shields        | 4 5 6 7 8 |  8.2
Armour         | 4 5 6 7 |  7.5
Invocations    | 1 3 4 5 6 |  6.9
Crossbows      | 2 3 4 |  4.7

Action                   |  1- 3 |  4- 6 |  7- 9 | 10-12 || total
-------------------------+-------+-------+-------+-------++-------
Melee: War axe           |   115 |   134 |   235 |   275 ||   759
       Battleaxe         |       |       |    39 |       ||    39
 Fire: Hand crossbow     |       |       |     2 |     2 ||     4
Invok: Minor Destruction |       |       |       |    17 ||    17
 Abil: Dig               |       |       |       |     1 ||     1
       Shaft Self        |       |       |       |     1 ||     1
  Use: Potion            |       |     1 |       |     9 ||    10
       Scroll            |       |       |     9 |     6 ||    15
  Eat: Chunk             |       |     4 |    14 |     8 ||    26
Armor: Scale mail        |    53 |    49 |     1 |       ||   103
       Ring mail         |       |       |    85 |    96 ||   181
Dodge: Dodged            |    38 |    35 |    81 |    93 ||   247
Block: Shield            |    60 |    81 |   171 |   175 ||   487
